 Dungeon Crawl Stone Soup version 0.31-a0-596-g831eee08f1 (webtiles) character file.

Game seed: 17552124564698813661

3232 Babbit the Cleaver (level 9, -4/9 HPs)
             Began as a Minotaur Fighter on Aug 20, 2023.
             Was a Priest of Okawaru.
             Slain by a wight
             ... wielding a +0 falchion
              (8 damage)
             ... on level 8 of the Dungeon.
             The game lasted 00:25:38 (6125 turns).

Babbit the Cleaver (Minotaur Fighter)               Turns: 6125, Time: 00:25:38

HP:   -4/9 (9)      AC:  9    Str: 31    XL:     9   Next: 66%
MP:   8/8           EV: 15    Int:  5    God:    Okawaru [***...]
Gold: 259           SH:  0    Dex:  9    Spells: 8/8 levels left

rFire   . . .        j - melded +2 war axe (drain)
rCold   . . .        c - melded +0 buckler
rNeg    . . .        n - melded +3 ring mail {rC+}
rPois   .            (helmet currently unavailable)
rElec   .            (cloak currently unavailable)
rCorr   .            (gloves currently unavailable)
SInv    .            (boots currently unavailable)
Will    .....        (no amulet)
Stlth   +            g - +5 ring of evasion
HPRegen 0.21/turn    p - ring of flight
MPRegen 0.11/turn

%: no passive effects
@: snake-form, flying, lightly drained
A: constrict, reduced hp, large, (horns 2), (retaliatory headbutt)
a: Begin Untransformation, Renounce Religion, Heroism


You were on level 8 of the Dungeon.
You worshipped Okawaru.
Okawaru was most pleased with you.
You were an enormous anaconda.
You visited 2 branches of the dungeon, and saw 9 of its levels.

You collected 281 gold pieces.
You spent 22 gold pieces at shops.

Inventory:

Hand Weapons
 j - a +2 war axe of draining (melded)
Missiles
 o - 2 javelins
 q - 2 boomerangs (quivered)
Armour
 c - a +0 buckler (melded)
 n - a +3 ring mail of cold resistance (melded)
Jewellery
 f - a +6 ring of intelligence
 g - a +5 ring of evasion (left hand)
 p - a ring of flight (right hand)
 v - a ring of ice
Talismans
 x - a serpent talisman (active)
Wands
 b - a wand of paralysis (7)
 r - a wand of flame (40)
Scrolls
 e - 4 scrolls of poison
 i - 4 scrolls of teleportation
 k - 2 scrolls of fear
 l - a scroll of identify
 s - a scroll of revelation
 u - a scroll of butterflies {unknown}
 w - a scroll of enchant armour
Potions
 a - 2 potions of curing
 d - 6 potions of might
 h - a potion of magic
 m - 2 potions of cancellation
 t - 2 potions of ambrosia


   Skills:
 + Level 7.6 Fighting
 + Level 11.4 Axes
 + Level 2.0 Throwing
 + Level 7.5 Armour
 + Level 3.8 Dodging
 + Level 1.2 Stealth
 + Level 5.7 Shields
 + Level 0.9 Invocations


You had 8 spell levels left.
You didn't know any spells.
Your spell library contained the following spells:

 Spells                   Type           Power      Damage    Failure   Level
 Freeze                   Ice            0%         1d3       47%         1
 Frozen Ramparts          Ice            0%         1d1       85%         3
 Hailstorm                Conj/Ice       0%         3d3       85%         3
 Stone Arrow              Conj/Erth      0%         3d7       85%         3
 Fireball                 Conj/Fire      0%         3d3       100%        5
 Iskenderun's Battlesphe  Conj           0%         2d6       100%        5
 Lee's Rapid Deconstruct  Erth           0%         3d4*      100%        5
 Conjure Ball Lightning   Conj/Air       0%         3x3d6     100%        6
 Orb of Destruction       Conj           0%         9d5       100%        7
 Lehudib's Crystal Spear  Conj/Erth      0%         10d2      100%        8
 Summon Small Mammal      Summ           Unusable   N/A       N/A         1
 Call Canine Familiar     Summ           Unusable   N/A       N/A         3
 Summon Guardian Golem    Hex/Summ       Unusable   N/A       N/A         3
 Animate Armour           Summ/Erth      Unusable   N/A       N/A         4
 Summon Lightning Spire   Summ/Air       Unusable   N/A       N/A         4

Dungeon Overview and Level Annotations

Branches:
Dungeon (8/15)             Temple (1/1) D:4
   Lair: D:8-11

Altars:
Ashenzari
Cheibriados
Dithmenos
Elyvilon
Fedhas
Gozag
Hepliaklqana
Kikubaaqudgha
Nemelex Xobeh
Okawaru
Qazlal
Ru
Sif Muna
Trog
Vehumet
Wu Jian
Xom
Yredelemnul
Zin
The Shining One

Shops:
D:2 (   D:4 ==**:


Innate Abilities, Weirdness & Mutations

You are an enormous anaconda.
You have a powerful constriction melee attack.
Your maximum health is decreased, since you lack skill for your form.
Your armour is entirely melded.
You are incapable of wielding weapons or throwing items.
((You have a pair of horns on your head.))
((You reflexively headbutt those who attack you in melee.))


Message History

You start resting.
You feel like a meek peon again.
Things that are here:
+0 steam dragon scales; a steam dragon corpse
Things that are here:
a serpent talisman; a howler monkey corpse
x - a serpent talisman You begin transforming.
You continue transforming. x2
Magic restored.
You continue transforming.
You turn into an enormous anaconda.
Your +2 war axe of draining melds into your body.
Your +0 buckler melds into your body.
Your +3 ring mail of cold resistance melds into your body.
You feel less resistant to cold.
HP restored.
A wight comes into view. It is wielding a +0 scimitar.
The wight moves out of view.
No target in view!
No target in view!
No target in view!
d - 6 potions of might (gained 1)
a - 2 potions of curing (gained 1)
A wight comes into view. It is wielding a +0 falchion.
A wight comes into view. It is wielding a +0 flail.
Something unseen opens the door.
You hit the wight but do no damage. Your grab misses the wight.
The wight barely misses you.
A wight comes into view. It is wielding a +0 halberd.
You closely miss the wight. Your grab misses the wight.
The wight barely misses you.
You barely miss the wight. Your grab misses the wight.
The wight closely misses you.
You hit the wight but do no damage. You grab the wight.
You constrict the wight. The wight hits you with a +0 falchion.
You feel drained.
You lash the wight!
The wight is heavily damaged.
You constrict the wight. The wight hits you with a +0 falchion!
Ouch! That really hurt!
You die...

#.......[#......
#........#......
###...........#.##
#.(.....##.#..#.#
#...............#
#..........##.###
#...............
#...............
#S######>........
#z# ######.#.##
... .# #zz..
#....z .......
#......# #......'


You could see 4 wights.

Vanquished Creatures
  Prince Ribbit (D:5)
  Sigmund (D:4)
  A steam dragon (D:8)
  Edmund (D:4)
  3 water moccasins
  An ogre (D:5)
  3 ice beasts
  2 sky beasts (D:7)
  4 centaurs
  A phantom (D:5)
  Blork the orc (D:5)
  6 scorpions
  An electric eel (D:7)
  3 howler monkeys
  6 hounds
  A jelly (D:5)
  4 orc priests
  Jessica (D:3)
  7 iguanas
  Ijyb (D:3)
  2 orc wizards
  4 gnolls (D:5)
  6 adders
  A shadow imp (D:6)
  2 white imps
  A worm (D:3)
  2 dart slugs (D:4)
  15 orcs
  11 ball pythons
  6 endoplasms
  3 giant cockroaches
  6 goblins
  8 hobgoblins
  4 jackals (D:2)
  8 quokkas
  7 bats
  5 frilled lizards
  7 kobolds
  5 rats
152 creatures vanquished.

Notes
Turn   | Place    | Note
-------+----------+-------------------------------------------
     0 | D:1      | Babbit the Minotaur Fighter began the quest for the Orb.
     0 | D:1      | Reached XP level 1. HP: 19/19 MP: 0/0
    90 | D:1      | Reached XP level 2. HP: 26/27 MP: 1/1
   528 | D:2      | Reached XP level 3. HP: 33/33 MP: 2/2
   585 | D:2      | Reached skill level 1 in Dodging
   601 | D:2      | Found a faded altar of an unknown god.
   629 | D:2      | Reached skill level 3 in Axes
   637 | D:2      | Reached XP level 4. HP: 35/41 MP: 3/3
   670 | D:2      | Found Miptaimu's Weapon Boutique.
  1391 | D:3      | Noticed Jessica
  1398 | D:3      | Killed Jessica
  1432 | D:3      | Found a radiant altar of Vehumet.
  1432 | D:3      | Found a hazy altar of Hepliaklqana.
  1575 | D:3      | Reached skill level 4 in Axes
  1588 | D:3      | Noticed Ijyb
  1588 | D:3      | Paralysed by Ijyb for 3 turns
  1593 | D:3      | Paralysed by Ijyb for 5 turns
  1602 | D:3      | Killed Ijyb
  1603 | D:3      | Reached XP level 5. HP: 39/47 MP: 4/4
  2156 | D:4      | Found a blossoming altar of Fedhas.
  2212 | D:4      | Found a staircase to the Ecumenical Temple.
  2212 | D:4      | Noticed Sigmund
  2223 | D:4      | Killed Sigmund
  2224 | D:4      | Reached skill level 5 in Axes
  2224 | D:4      | Reached skill level 5 in Armour
  2224 | D:4      | Reached XP level 6. HP: 46/53 MP: 5/5
  2262 | D:4      | Found Ybbiod's General Store.
  2265 | D:4      | Bought a scroll of identify for 22 gold pieces
  2295 | D:4      | Found a transporter.
  2300 | D:4      | Found Padudghi's General Store.
  2303 | D:4      | Found a transporter.
  2409 | D:4      | Found Yssaklal's Jewellery Boutique.
  2428 | D:4      | Reached skill level 6 in Axes
  2431 | D:4      | Found a stormy altar of Qazlal.
  2531 | D:4      | Found Esma's Jewellery Emporium.
  2542 | D:4      | Noticed Edmund
  2550 | D:4      | Killed Edmund
  2551 | D:4      | Reached skill level 5 in Fighting
  2551 | D:4      | Reached XP level 7. HP: 22/61 MP: 6/6
  2760 | D:4      | Found Coleif's Book Shop.
  2848 | Temple   | Entered the Ecumenical Temple
  2861 | Temple   | Became a worshipper of Warmaster Okawaru
  2917 | D:5      | Entered Level 5 of the Dungeon
  3078 | D:5      | Reached skill level 1 in Throwing
  3174 | D:5      | Found a shimmering altar of Xom.
  3325 | D:5      | Noticed Prince Ribbit
  3339 | D:5      | Killed Prince Ribbit
  3339 | D:5      | Reached * piety under Okawaru
  3340 | D:5      | Reached skill level 7 in Axes
  3566 | D:5      | Reached XP level 8. HP: 53/69 MP: 7/7
  4084 | D:5      | Noticed Blork the orc
  4092 | D:5      | Killed Blork the orc
  4093 | D:5      | Reached skill level 8 in Axes
  4093 | D:5      | Reached skill level 1 in Stealth
  4398 | D:6      | Reached ** piety under Okawaru
  4399 | D:6      | Reached skill level 5 in Shields
  4440 | D:6      | Reached skill level 9 in Axes
  4682 | D:6      | Reached XP level 9. HP: 44/78 MP: 8/8
  4836 | D:6      | Found a glowing golden altar of the Shining One.
  5331 | D:7      | Reached skill level 10 in Axes
  5535 | D:7      | Reached skill level 11 in Axes
  5721 | D:7      | Reached *** piety under Okawaru
  6125 | D:8      | Slain by a wight

Illustrated notes

Levels and vault maps discovered:
D:1:      wander_arrival_estate, layout_rooms, minmay_indecisive_spiral
D:2:      layout_basic, serial_corexii_hall, corexii_hall_statues_l,
          chequers_hall_statues_wall_a, shapermc_ecumenical_altar_starsandcircs,
          serial_shops, shop
D:3:      layout_basic, nicolae_overflow_two_pavilions, minmay_cut_off,
          uniq_jessica, uniq_ijyb
D:4:      layout_basic, fedhas_ov_isle_minmay, mainiacjoe_overflow_boulevard,
          minmay_temple_entry_wispy, serial_shops, shop, shop,
          nicolae_shop_tiny_real_fake_doors, shop, nicolae_shop_drivethru,
          uniq_edmund, uniq_sigmund
D:5:      layout_loops_corners, mainiacjoe_overflow_catwalk,
          nicolae_houndstooth_variations, uniq_blork_the_orc,
          uniq_prince_ribbit1
D:6:      layout_gridville, tso_oasis_becter
D:7:      layout_rooms, serial_bayou_ford_a, minmay_misc_feat_rows
D:8:      layout_basic, minmay_misc_feat_plants, uniq_erica
Temple:   dpeg_chambers_temple

Skill      XL: |  1  2  3  4  5  6  7  8  9 |
---------------+----------------------------+-----
Shields        | 4 5 |  5.7
Armour         | 4 5 6 7 |  7.5
Fighting       | 4 5 6 7 |  7.6
Dodging        | 1 2 3 |  3.8
Axes           | 3 4 5 6 7 9 11 | 11.4
Throwing       | 1 2 |  2.0
Stealth        | 1 |  1.2
Invocations    | |  0.9

Action                     |  1- 3 |  4- 6 |  7- 9 || total
---------------------------+-------+-------+-------++-------
  Melee: War axe           |    72 |   136 |   120 ||   328
         Headbutt          |    11 |    10 |    32 ||    53
         Hand axe          |       |       |    78 ||    78
         Unarmed           |       |       |     5 ||     5
         Constrict         |       |       |     1 ||     1
  Throw: Boomerang         |       |     9 |     5 ||    14
 Invoke: Heroism           |       |       |     2 ||     2
    Use: Scroll            |     1 |     6 |     8 ||    15
 Armour: Scale mail        |    54 |    17 |       ||    71
         Ring mail         |       |    37 |    36 ||    73
  Dodge: Dodged            |    49 |    66 |   125 ||   240
  Block: Buckler           |    21 |    18 |    36 ||    75
   Form: Anaconda          |       |       |     1 ||     1

Table legend: (Time is in decaauts)
 A = Elapsed time spent in this place.
 B = Non-inter-level travel time spent in this place.
 C = Inter-level travel time spent in this place.
 D = Time resting spent in this place.
 E = Time spent auto-exploring this place.
 F = Levels seen in this place.
 G = Mean time per level.
                   A        B        C        D        E       F      G
               +--------+--------+--------+--------+--------+-----+--------+
         Total |   6191 |   5897 |    294 |    637 |   4184 |   9 |  687.9 |
       Dungeon |   6165 |   5895 |    270 |    637 |   4184 |   8 |  770.6 |
        Temple |     26 |      2 |     24 |      0 |      0 |   1 |   26.0 |
               +--------+--------+--------+--------+--------+-----+--------+

Top non-repeatable levels by time:
     D:5: 1392 daAuts
     D:6: 946 daAuts
     D:2: 880 daAuts
     D:4: 780 daAuts
     D:7: 773 daAuts
     D:3: 758 daAuts
     D:1: 541 daAuts
     D:8: 91 daAuts
  Temple: 26 daAuts
